AoeStats
← HTY

Black Forest

504093511Analyzed
4v4 RM · 29d ago on Sep 3, 2026· 52m 46s· 8 players
Game mode
Random Map
Map size
Large (8 player)
Population
200
Speed
Normal
Resources
Standard
Victory
Conquest
Starting age
Dark Age
Ending age
Imperial Age
RankedLock teamsTeams togetherTeam positionsShared explorationLock speedFull tech treeHidden civsTurbo modeCheats
Victory
Defeat
🇺🇸 Japanese · United States
1255
+14
🇬🇧 Britons · United Kingdom
1214
+15
🇪🇬 Bohemians · Egypt
1154
+18
1033
+24
🇩🇪 Teutons · Germany
1301
-22
🇫🇷 Romans · France
1200
-18
🇹🇷 Lithuanians · Türkiye
1187
-17
🇩🇪 Ethiopians · Germany
1121
-14
ILLYRIAN A1B
2:55 Loom
14:50 Feudal Age
19:40 Castle Age
18:07 Double-Bit Axe
20:39 Bow Saw
21:41 Fishing Lines
24:18 Gillnets
24:34 Horse Collar
25:24 Heavy Plow
30:29 Imperial Age
27:54 Gold Mining
28:56 Ballistas
30:33 Ballistics
30:07 Man-at-Arms
30:49 Squires
30:55 Scale Mail Armor
31:07 Forging
30:42 Capped Ram
31:41 Siege Engineers
31:58 Siege Ram
32:43 Long Swordsman
33:15 Heavy Scorpion
41:45 Legionary
44:09 Chain Mail Armor
45:35 Iron Casting
47:46 Blast Furnace
oedoenderpeiniger
1:02 Loom
14:41 Feudal Age
15:42 Double-Bit Axe
15:42 Horse Collar
17:27 Town Watch
23:27 Castle Age
21:24 Gold Mining
21:24 Stone Mining
25:11 Wheelbarrow
25:03 Bow Saw
25:25 Heavy Plow
33:44 Imperial Age
33:01 Fortified Wall
34:13 Onager
36:05 Hand Cart
38:08 Conscription
37:18 Capped Ram
40:03 Siege Ram
43:51 Torsion Engines
43:57 Caravan
45:45 Town Patrol
46:50 Chemistry
45:57 Siege Engineers
48:16 Elite Shotel Warrior
49:01 Scale Mail Armor
49:12 Forging
49:14 Fletching
52:09 Masonry
52:17 Chain Mail Armor
CraB
5:41 Loom
12:53 Feudal Age
16:39 Castle Age
15:10 Double-Bit Axe
16:23 Fishing Lines
18:56 Horse Collar
19:27 Bow Saw
20:54 Gillnets
21:25 Gold Mining
24:23 Wheelbarrow
23:42 Stone Mining
23:55 Heavy Plow
26:57 Scale Barding Armor
27:03 Forging
26:45 Fletching
27:16 Hand Cart
26:46 Town Watch
30:16 Imperial Age
29:25 Chain Barding Armor
29:17 Bloodlines
30:41 Iron Casting
30:02 Bodkin Arrow
30:57 Caravan
30:27 Cavalier
31:43 Plate Barding Armor
32:32 Blast Furnace
32:15 Coinage
31:53 Paladin
32:56 Conscription
32:59 Crenellations
33:32 Banking
33:43 Pikeman
34:25 Squires
34:26 Scale Mail Armor
34:27 Bodkin Arrow
37:28 Chain Mail Armor
40:38 Halberdier
40:39 Man-at-Arms
41:04 Gambesons
41:05 Arson
42:07 Long Swordsman
43:44 Plate Mail Armor
43:03 Two-Handed Swordsman
44:19 Champion
51:09 Onager
HTY
0:37 Loom
11:04 Feudal Age
11:34 Double-Bit Axe
16:57 Castle Age
15:18 Horse Collar
16:28 Stone Mining
17:55 Bow Saw
31:10 Imperial Age
29:34 Wheelbarrow
29:21 Gold Mining
32:44 Forging
32:39 Scale Barding Armor
33:43 Chemistry
33:47 Bloodlines
33:37 Husbandry
34:41 Iron Casting
34:39 Elite Leitis
37:38 Chain Barding Armor
39:34 Man-at-Arms
40:15 Scale Mail Armor
40:51 Plate Barding Armor
40:14 Long Swordsman
41:09 Two-Handed Swordsman
42:25 Chain Mail Armor
42:21 Squires
44:30 Champion
Rincewind
0:32 Loom
10:22 Feudal Age
16:05 Castle Age
15:17 Double-Bit Axe
15:49 Stone Mining
24:28 Horse Collar
26:10 Bow Saw
27:04 Wheelbarrow
26:31 Heavy Plow
28:37 Hand Cart
28:25 Fletching
28:36 Padded Archer Armor
33:18 Imperial Age
31:32 Ballistics
31:09 Bodkin Arrow
32:56 Yeomen
33:26 Leather Archer Armor
34:16 Bracer
34:46 Ring Archer Armor
35:28 Chemistry
34:25 Gold Mining
34:55 Elite Longbowman
37:36 Gold Shaft Mining
39:44 Pikeman
40:40 Forging
40:30 Scale Mail Armor
40:52 Squires
44:39 Halberdier
45:56 Iron Casting
48:32 Blast Furnace
47:47 Chain Mail Armor
49:23 Two-Man Saw
48:37 Arson
49:10 Chain Mail Armor
50:42 Conscription
51:04 Plate Mail Armor
BrianBoru
0:50 Loom
11:33 Feudal Age
15:39 Castle Age
13:36 Double-Bit Axe
14:15 Horse Collar
16:13 Wheelbarrow
17:04 Bow Saw
23:15 Heavy Plow
23:26 Gold Mining
23:34 Stone Mining
25:20 Gold Shaft Mining
25:51 Hand Cart
29:47 Imperial Age
27:37 Scale Mail Armor
27:48 Forging
27:56 Guard Tower
28:26 Ballistics
27:57 Fletching
29:06 Treadmill Crane
30:45 Pikeman
31:26 Squires
31:42 Chain Mail Armor
32:03 Iron Casting
31:42 Bodkin Arrow
32:27 Keep
32:52 Chemistry
31:58 Siege Engineers
31:54 Halberdier
33:05 Yasama
33:26 Kataparuto
33:26 Conscription
34:14 Plate Mail Armor
35:57 Blast Furnace
35:37 Bracer
35:26 Arrowslits
48:39 Elite Samurai
49:29 Caravan
51:24 Padded Archer Armor
Sephiroth
11:30 Feudal Age
11:11 Loom
12:00 Double-Bit Axe
11:58 Horse Collar
18:24 Castle Age
19:16 Wheelbarrow
19:25 Bow Saw
19:52 Caravan
21:09 Fervor
27:16 Hand Cart
31:24 Imperial Age
29:46 Treadmill Crane
31:08 Chemistry
33:45 Two-Man Saw
33:22 Conscription
33:11 Wagenburg Tactics
32:28 Houfnice
34:10 Siege Engineers
39:42 Fletching
40:06 Masonry
39:51 Murder Holes
40:17 Ballistics
39:28 Pikeman
42:40 Halberdier
43:22 Squires
47:50 Bodkin Arrow
47:55 Padded Archer Armor
48:09 Forging
47:59 Scale Mail Armor
50:10 Bracer
50:46 Iron Casting
50:26 Chain Mail Armor
Sleepy the sexy saxon sheppard
1:38 Loom
11:06 Feudal Age
11:27 Double-Bit Axe
11:24 Horse Collar
19:36 Castle Age
22:56 Bow Saw
23:36 Wheelbarrow
24:27 Gold Mining
26:49 Caravan
29:17 Hand Cart
29:31 Heavy Plow
29:25 Town Watch
31:21 Gold Shaft Mining
34:21 Imperial Age
32:44 Kamandaran
33:46 Scale Barding Armor
33:53 Forging
33:20 Pikeman
34:01 Squires
34:26 Stone Mining
35:01 Conscription
35:55 Hoardings
35:31 Masonry
36:23 Chemistry
35:45 Chain Barding Armor
36:02 Iron Casting
35:35 Husbandry
35:46 Bloodlines
36:02 Ballistics
35:21 Sappers
36:08 Citadels
37:18 Two-Man Saw
36:30 Cavalier
37:49 Plate Barding Armor
36:47 Halberdier
37:29 Scale Mail Armor
37:39 Town Patrol
37:39 Herbal Medicine
39:36 Architecture
39:44 Murder Holes
39:10 Elite War Elephant
39:15 Savar
41:27 Crop Rotation
41:21 Chain Mail Armor
42:18 Blast Furnace
41:52 Fletching
43:22 Padded Archer Armor
44:34 Plate Mail Armor
44:52 Bodkin Arrow
47:16 Leather Archer Armor
Connection lost

Rejoining the realm…

Still unreachable

The connection could not be restored.

Session expired

The server has moved on; the page needs a fresh start.